 Dungeon Crawl Stone Soup version 0.32-a0-975-g85d4e5bfdb (webtiles) character file.

Game seed: 7800704643213106143

9 Esekla the Chiller (level 2, 21/21 HPs)
             Began as a Demonspawn Wanderer on Apr 20, 2024.
             Quit the game on level 1 of the Dungeon.
             The game lasted 00:01:34 (296 turns).

Esekla the Chiller (Demonspawn Wanderer)             Turns: 296, Time: 00:01:34

Health: 21/21      AC:  2    Str: 12    XL:     2   Next: 6%
Magic:  3/3        EV: 10    Int: 13    God:
Gold:   0          SH:  0    Dex: 11    Spells: 2/3 levels left

rFire   . . .        a - +0 dagger
rCold   . . .        (no shield)
rNeg    . . .        e - +0 robe
rPois   .            (no helmet)
rElec   .            (no cloak)
rCorr   .            (no gloves)
SInv    .            (no boots)
Will    .....        (no amulet)
Stlth   +            (no ring)
HPRegen 0.23/turn    (no ring)
MPRegen 0.08/turn

%: no passive effects
@: no status effects
A: demonic guardian 1
a: no special abilities


You were on level 1 of the Dungeon.
You visited 1 branch of the dungeon, and saw 1 of its levels.

Inventory:

Hand Weapons
 a - a +0 dagger (weapon)
Missiles
 b - 12 poisoned darts (quivered)
Armour
 e - a +0 robe (worn)
 i - a +0 helmet
Talismans
 c - a beast talisman
Scrolls
 f - a scroll of enchant armour {unknown}
 g - a scroll of fear {unknown}
 h - a scroll of fog {unknown}
Potions
 d - a potion of curing
 j - a potion of might {unknown}


   Skills:
 * Level 1.3 Fighting
 + Level 0.2 Short Blades
 + Level 2.7 Throwing
 * Level 1.1 Spellcasting
 * Level 3.0 Ice Magic
 - Level 1.7 Shapeshifting


You had 2 spell levels left.
You knew the following spells:

 Your Spells              Type           Power      Damage    Failure   Level
a - Freeze                Ice            32%        1d5       9%          1

Your spell library contained the following spells:

 Spells                   Type           Power      Damage    Failure   Level
 Ozocubu's Armour         Ice            8%         N/A       24%         3
 Summon Ice Beast         Ice/Summ       4%         N/A       41%         3


Dungeon Overview and Level Annotations

Branches:
Dungeon (1/15)

Altars:


Innate Abilities, Weirdness & Mutations

A weak demonic guardian rushes to your aid.


Message History

You hit the goblin.
You kill the goblin!
A kobold comes into view. It is wielding a +0 whip.
Things that are here:
a +0 club; a goblin corpse You hit the kobold.
You kill the kobold!
Found an emerald potion.
Things that are here:
a +0 whip; a kobold corpse
There is a stone staircase leading down here.
j - an emerald potion You open the door.
There is an open door here.
You open the door.
There is an open door here.
You see here a +0 ring mail.
A dart slug comes into view.
You hit the dart slug.
The dart slug is moderately wounded.
You hit the dart slug but do no damage.
The dart slug is moderately wounded.
The dart slug launches a dart at you. The slug dart hits you.
You hit the dart slug.
The dart slug is heavily wounded.
The dart slug barely misses you.
You hit the dart slug.
The dart slug is severely wounded.
The dart slug barely misses you.
You hit the dart slug.
The dart slug is almost dead.
You hit the dart slug.
You kill the dart slug!
Your Ice Magic skill increases to level 3!
You have reached level 2!
Your demonic ancestry asserts itself...
You feel the presence of a demonic guardian.
You see here a +0 ring mail.
Are you sure you want to abandon this character and quit the game? (Confirm with "yes".)

#######.####### #.# #[# #.#
####.######
##########.........#
#..........##.####.#
#.#######..##.## #.#
#.....###..#.@.###.#####
#..##...........##.#...#
#..######..#.........#.#
♣###..######..##..###.#...#
♣.............##.####.##.##
..#...#######.........##.#
♣##.#.# ####'#######.###
....# ##...## #.....#
##.#### ##.....###.###.#


There were no monsters in sight!

Vanquished Creatures
  2 dart slugs (D:1)
  A goblin (D:1)
  A quokka (D:1)
  A kobold (D:1)
  A rat (D:1)
6 creatures vanquished.

Notes
Turn   | Place    | Note
-------+----------+-------------------------------------------
     0 | D:1      | Esekla the Demonspawn Wanderer began the quest for the Orb.
     0 | D:1      | Esekla set off with the following items: a +0 dagger, 12
                  | poisoned darts, a beast talisman, a potion of curing, a +0
                  | robe; and the following spell memorised: Freeze; and the
                  | following spells available to memorise: Ozocubu's Armour,
                  | Summon Ice Beast.
     0 | D:1      | Reached XP level 1. HP: 15/15 MP: 2/2
   283 | D:1      | Reached skill level 3 in Ice Magic
   283 | D:1      | Gained mutation: A weak demonic guardian rushes to your
                  | aid. [demonic ancestry]
   283 | D:1      | Reached XP level 2. HP: 18/21 MP: 3/3
   296 | D:1      | Quit the game

Illustrated notes

Levels and vault maps discovered:
D:1:      saegor_arrival_simple_a, layout_loops_corners, serial_forest,
          infiniplex_forest_clump_diagonal, infiniplex_forest_fountain,
          infiniplex_forest_straight_4, infiniplex_forest_straight_5,
          infiniplex_forest_straight_3, infiniplex_forest_zigzag_1,
          infiniplex_forest_lined_3, infiniplex_forest_end_2, minmay_tromino_i2

Skill      XL: |  1 |
---------------+----+-----
Ice Magic      | 3 |  3.0
Fighting       | |  1.3
Short Blades   | |  0.2
Throwing       | |  2.7
Spellcasting   | |  1.1
Shapeshifting  | |  1.7

Action                     || total
---------------------------++-------
  Melee: Dagger            ||    22
 Armour: Robe              ||     7
  Dodge: Dodged            ||     7

Table legend: (Time is in decaauts)
 A = Elapsed time spent in this place.
 B = Non-inter-level travel time spent in this place.
 C = Inter-level travel time spent in this place.
 D = Time resting spent in this place.
 E = Time spent auto-exploring this place.
 F = Levels seen in this place.
 G = Mean time per level.
                   A        B        C        D        E       F      G
               +--------+--------+--------+--------+--------+-----+--------+
         Total |    296 |    296 |      0 |     44 |     98 |   1 |  296.0 |
       Dungeon |    296 |    296 |      0 |     44 |     98 |   1 |  296.0 |
               +--------+--------+--------+--------+--------+-----+--------+

Top non-repeatable levels by time:
     D:1: 296 daAuts
